 Dungeon Crawl Stone Soup version 0.32-a0-871-ge202e49faa (webtiles) character file.

Game seed: 12697863352451246617

94099 Autsider the Brawler (level 15, -20/167 HPs)
             Began as a Troll Fighter on Mar 29, 2024.
             Was the Champion of Wu Jian.
             Blown up by an orb spider (47 damage)
             ... with an orb of destruction
             ... on level 1 of the Spider Nest.
             The game lasted 01:29:20 (20133 turns).

Autsider the Brawler (Troll Fighter)               Turns: 20133, Time: 01:29:20

Health: -20/167    AC:  8    Str: 30    XL:     15   Next: 62%
Magic:  23/23      EV: 16    Int:  4    God:    Wu Jian [******]
Gold:   2163       SH: 14    Dex: 19    Spells: 14/14 levels left

rFire   + +          .
                       - Unarmed
rCold   + . .        b - +0 kite shield
rNeg    + . .        C - +2 robe {Will+}
rPois   +            (helmet restricted)
rElec   .            x - scarf "Heim" {rC+ rF+, +Inv Str+2 Int-2 Dex+6}
rCorr   .            (gloves unavailable)
SInv    +            (boots unavailable)
Will    ++...        j - amulet of regeneration
Stlth   ++           U - ring of Ephemeral Luck {*Corrode rPois rF+ MP+9 SInv}
HPRegen 2.07/turn    v - ring of the Octopus King {rN+ HP+2 AC+2 EV+2 SH+2}
MPRegen 0.18/turn

%: corrode self (3%)
@: no status effects
A: large, unfitting armour, claws 3, regeneration 1, shaggy fur 1, tough skin 1
a: Renounce Religion, Evoke Invisibility, Wall Jump, Serpent's Lash, Heavenly
Storm


You were on level 1 of the Spider Nest.
You worshipped Wu Jian.
Wu Jian was exalted by your worship.
You visited 5 branches of the dungeon, and saw 24 of its levels.
You also visited: Ice Cave.

You collected 2520 gold pieces.
You spent 357 gold pieces at shops.

Inventory:

Missiles
 w - 4 throwing nets
 G - a curare-tipped dart
Armour
 b - a +0 kite shield (worn)
 x - the scarf "Heim" (worn) {rC+ rF+, +Inv Str+2 Int-2 Dex+6}
   (You found it on level 12 of the Dungeon)

   Str+2:     It affects your strength (+2).
   Int-2:     It affects your intelligence (-2).
   Dex+6:     It affects your dexterity (+6).
   +Inv:      It lets you turn invisible.
 C - a +2 robe of willpower (worn)
 M - +1 steam dragon scales
 W - a +0 tower shield
Jewellery
 a - a ring of protection from fire
 j - an amulet of regeneration (around neck)
 m - a +5 ring of evasion
 v - a ring of the Octopus King (right claw) {rN+ HP+2 AC+2 EV+2 SH+2}
   (You found it on level 5 of the Lair of Beasts)

   [ring of positive energy]

   AC+2:      It affects your AC (+2).
   EV+2:      It affects your evasion (+2).
   rN+:       It protects you from negative energy.
   HP+2:      It affects your health (+2).
   SH+2:      It affects your SH (+2).
 z - a ring of flight
 J - a ring of resist corrosion
 S - a +6 ring of strength
 U - the ring of Ephemeral Luck (left claw) {*Corrode rPois rF+ MP+9 SInv}
   (You found it on level 13 of the Dungeon)

   [ring of magical power]

   rF+:       It protects you from fire.
   rPois:     It protects you from poison.
   MP+9:      It affects your magic capacity (+9).
   SInv:      It lets you see invisible.
   *Corrode:  It may corrode you when you take damage.
 X - a ring of protection from cold
Wands
 c - a wand of digging (14)
 y - a wand of acid (18)
 B - a wand of flame (49)
 E - a wand of mindburst (11)
 H - a wand of roots (12)
 I - a wand of charming (20)
Scrolls
 d - 5 scrolls of fear
 e - 7 scrolls of identify
 h - 7 scrolls of blinking
 u - a scroll of vulnerability
 A - 4 scrolls of teleportation
 D - 4 scrolls of revelation
 O - 3 scrolls of amnesia
 Q - 4 scrolls of immolation
 Y - a scroll of fog
Potions
 f - 8 potions of curing
 g - 3 potions of ambrosia
 k - 3 potions of cancellation
 l - a potion of brilliance
 o - 4 potions of heal wounds
 q - 5 potions of enlightenment
 r - a potion of mutation
 s - 4 potions of invisibility
 t - 2 potions of degeneration
 F - 5 potions of haste
 N - 4 potions of resistance
 R - 2 potions of might
 T - 2 potions of magic
Miscellaneous
 n - a sack of spiders
 Z - a phantom mirror


   Skills:
 * Level 14.4 Fighting
 - Level 9.9 Dodging
 + Level 11.1 Shields
 * Level 16.7 Unarmed Combat


You had 14 spell levels left.
You didn't know any spells.
Your spell library contained the following spells:

 Spells                   Type           Power      Damage    Failure   Level
 Foxfire                  Conj/Fire      0%         2x1d4     65%         1
 Magic Dart               Conj           0%         1d3       65%         1
 Sandblast                Erth           0%         2d4       65%         1
 Jinxbite                 Hex            0%         N/A       78%         2
 Searing Ray              Conj           0%         2d4       78%         2
 Fugue of the Fallen      Necr           0%         N/A       95%         3
 Ozocubu's Armour         Ice            0%         N/A       95%         3
 Stone Arrow              Conj/Erth      0%         3d7       95%         3
 Summon Ice Beast         Ice/Summ       0%         N/A       95%         3
 Brom's Barrelling Bould  Conj/Erth      0%         2d3       100%        4
 Fulminant Prism          Conj/Alch      0%         3d5       100%        4
 Alistair's Intoxication  Alch           0%         N/A       100%        5
 Borgnjor's Vile Clutch   Necr/Erth      0%         N/A       100%        5
 Summon Mana Viper        Hex/Summ       0%         N/A       100%        5
 Yara's Violent Unravell  Hex/Alch       0%         3d3       100%        5
 Eringya's Noxious Bog    Alch           0%         4d6       100%        6
 Plasma Beam              Fire/Air       0%         2x1d10    100%        6
 Starburst                Conj/Fire      0%         6d3       100%        6
 Enfeeble                 Hex            0%         N/A       100%        7
 Manifold Assault         Tloc           0%         N/A       100%        7
 Monstrous Menagerie      Summ           0%         N/A       100%        7


Dungeon Overview and Level Annotations

Branches:
Dungeon (15/15)            Temple (1/1) D:7            Lair (5/5) D:10
 Shoals (0/4) Lair:3       Spider (1/4) Lair:3        Slime (0/5) Lair:4
    Orc (2/2) D:12            Elf (0/3) Orc:2        Vaults (0/5) D:13
 Depths (0/4) D:15          IceCv (visited)

Altars:
Ashenzari
Cheibriados
Dithmenos
Elyvilon
Fedhas
Gozag
Hepliaklqana
Kikubaaqudgha
Makhleb
Nemelex Xobeh
Okawaru
Qazlal
Ru
Sif Muna
Trog
Uskayaw
Vehumet
Wu Jian
Xom
Yredelemnul
Zin
The Shining One

Shops:
D:6 *   D:7 (   D:8 *   D:9 (   D:10 =:   Orc:2 (!**


Innate Abilities, Weirdness & Mutations

You are too large for most types of armour.
You have claws for hands.
Your natural rate of healing is unusually fast.
You are covered in fur. (AC +1)
You have tough skin. (AC +1)


Message History

You are confused.
The tarantella barely misses you. The tarantella touches you.
* * * LOW HITPOINT WARNING * * *
The tarantella touches you!
* * * LOW HITPOINT WARNING * * *
You are afflicted by dizzying energies!
You are more confused.
The tarantella closely misses you.
You mangle the tarantella!!
You kill the tarantella!
The Council accepts your kill. The tarantella misses you. x2
The orb spider pulsates with a strange energy.
You miss the tarantella. The tarantella touches you.
* * * LOW HITPOINT WARNING * * *
You mangle the tarantella!!
The tarantella is severely wounded.
The tarantella touches you!
* * * LOW HITPOINT WARNING * * *
You barely miss the tarantella.
The tarantella is severely wounded.
The tarantella touches you!
* * * LOW HITPOINT WARNING * * *
The tarantella barely misses you. The tarantella touches you!
* * * LOW HITPOINT WARNING * * *
The tarantella barely misses you. The tarantella misses you.
You feel less confused.
The orb spider weaves a glowing orb of energy.
You block the tarantella's attack.
An orb of destruction comes into view.
You spin and attack the tarantella repeatedly.
You barely miss the tarantella.
The tarantella is severely wounded.
You barely miss the tarantella.
The tarantella is severely wounded.
The tarantella touches you!
* * * LOW HITPOINT WARNING * * *
The orb of destruction hits you!!!
You die...

#.....#..##
##........>##
#....^......##
#............
#......○s..#
#.....○...#
#.....○...#
##...s○...#
##.†@....#
#<......#
#########


You could see an orb spider and a tarantella.

Vanquished Creatures
  Kirke (D:15)
  Louise (D:14)
  Nessos (D:12)
  Snorg (D:11)
  An ettin (D:15)
  Josephine (D:11)
  2 vault guards (D:13)
  A rakshasa (D:13)
  Harold (Lair:2)
  Erolcha (D:13)
  An ogre mage (Orc:2)
  A merfolk avatar (Lair:5)
  Erica (D:11)
  12 two-headed ogres
  A hydra (Lair:4)
  4 centaur warriors
  3 boulder beetles
  An ironbound frostheart (D:13)
  A tengu warrior (D:15)
  A death yak (Lair:2)
  3 orc high priests (Orc:2)
  Nergalle (D:10)
  A pharaoh ant (Lair:3)
  5 skeletal warriors
  3 sea snakes (Lair:5)
  5 skysharks
  Lodul (D:12)
  A deep troll (D:15)
  2 bog bodies (IceCv)
  2 arcanists
  2 harpies (Lair:5)
  5 orc knights
  6 orc sorcerers
  4 deep elf pyromancers
  An oklob plant (D:10)
  10 ugly things (D:14)
  4 cyclopes
  9 elephants
  2 kobold blastminers (Orc:2)
  2 torpor snails
  5 cane toads
  An ice statue (IceCv)
  3 gargoyles
  4 unseen horrors
  4 rime drakes
  8 komodo dragons
  3 tengu conjurers (D:14)
  A freezing wraith (IceCv)
  A polar bear (Lair:5)
  2 trolls
  A wind drake (Lair:5)
  10 blink frogs (Lair:5)
  2 tarantellas (Spider:1)
  3 dream sheep (Lair:4)
  14 slime creatures
  A jumping spider (Lair:3)
  A culicivora (Spider:1)
  3 vampires
  6 wraiths
  8 humans
  A wyvern (shapeshifter) (D:15)
  5 basilisks
  6 wyverns
  2 dire elephant simulacra (IceCv)
  7 hogs (D:15)
  45 yaks
  Grum (D:10)
  3 wargs
  A hog (shapeshifter) (D:15)
  Menkaure (D:7)
  4 steam dragons
  9 vampire mosquitoes
  3 death yak simulacra (IceCv)
  A harpy simulacrum (IceCv)
  2 hydra simulacra (IceCv)
  2 acid dragons (D:11)
  8 water moccasins
  3 ice beasts
  4 black bears
  16 orc warriors
  A sky beast (D:7)
  26 ogres
  26 wolves
  5 centaurs
  A kobold brigand (D:6)
  12 bullfrogs
  A bullfrog (shapeshifter) (D:15)
  4 gnoll sergeants
  A cane toad simulacrum (IceCv)
  11 scorpions
  5 two-headed ogre simulacra (IceCv)
  4 wights (D:10)
  15 killer bees
  2 elephant simulacra (IceCv)
  5 howler monkeys
  2 jellies
  12 hounds
  12 orc priests
  A sleepcap (D:4)
  3 gnoll boudas (D:10)
  14 orc wizards
  3 iguanas (D:6)
  4 troll simulacra (IceCv)
  A polar bear simulacrum (IceCv)
  6 spriggan simulacra (IceCv)
  A wolf simulacrum (IceCv)
  10 naga simulacra (IceCv)
  6 adders
  21 gnolls
  A shadow imp (D:6)
  5 white imps
  8 ufetubi
  2 dart slugs
  2 ribbon worms
  54 orcs
  3 ball pythons
  3 bats
  7 endoplasms
  3 giant cockroaches
  8 goblins
  9 hobgoblins
  5 jackals
  10 kobolds
  5 quokkas
  A frilled lizard (D:2)
  5 rats
657 creatures vanquished.

Notes
Turn   | Place    | Note
-------+----------+-------------------------------------------
     0 | D:1      | Autsider the Troll Fighter began the quest for the Orb.
     0 | D:1      | Reached XP level 1. HP: 22/22 MP: 0/0
    61 | D:1      | Reached XP level 2. HP: 28/29 MP: 1/1
   161 | D:1      | You fall into a shaft and drop 1 floor!
   171 | D:2      | Reached XP level 3. HP: 32/36 MP: 2/2
   681 | D:2      | Reached XP level 4. HP: 45/45 MP: 3/3
   890 | D:3      | Found a shimmering blue altar of Sif Muna.
   942 | D:3      | Reached skill level 3 in Unarmed Combat
  1104 | D:3      | Noticed an ogre
  1140 | D:3      | Killed an ogre
  1141 | D:3      | Reached XP level 5. HP: 50/53 MP: 4/4
  1156 | D:3      | Found a faded altar of an unknown god.
  1882 | D:4      | Reached skill level 4 in Unarmed Combat
  1882 | D:4      | Reached XP level 6. HP: 53/62 MP: 5/5
  1964 | D:4      | Found a radiant altar of Vehumet.
  2342 | D:5      | Entered Level 5 of the Dungeon
  2342 | D:5      | Noticed a water moccasin
  2371 | D:5      | Reached XP level 7. HP: 42/70 MP: 6/6
  2507 | D:5      | Reached skill level 5 in Unarmed Combat
  2647 | D:5      | Reached skill level 5 in Fighting
  2653 | D:5      | Reached XP level 8. HP: 70/80 MP: 7/7
  3081 | D:6      | Reached skill level 6 in Unarmed Combat
  3197 | D:6      | Found a basalt altar of Yredelemnul.
  3224 | D:6      | Found a bloodstained altar of Trog.
  3283 | D:6      | Found Gozag's Platinum Reserve.
  3287 | D:6      | Found an opulent altar of Gozag.
  3511 | D:6      | Reached skill level 5 in Shields
  3513 | D:6      | Reached skill level 7 in Unarmed Combat
  3516 | D:6      | Reached XP level 9. HP: 49/89 MP: 6/8
  3898 | D:7      | Reached skill level 5 in Dodging
  4028 | D:7      | Reached skill level 8 in Unarmed Combat
  4033 | D:7      | Found a staircase to the Ecumenical Temple.
  4073 | Temple   | Entered the Ecumenical Temple
  4309 | D:7      | Noticed Menkaure
  4319 | D:7      | Killed Menkaure
  4391 | D:7      | Found Agulabri's Antique Weapon Boutique.
  4671 | D:8      | Found Cunomik's Assorted Antiques.
  4772 | D:8      | Reached XP level 10. HP: 94/102 MP: 6/9
  5030 | D:8      | Found an ornate altar of the Wu Jian Council.
  5041 | D:8      | Became a worshipper of the Wu Jian Council
  5333 | D:9      | Reached skill level 9 in Unarmed Combat
  5681 | D:9      | Found Ruakhlacuita's Weapon Emporium.
  6105 | D:10     | Entered Level 10 of the Dungeon
  6105 | D:10     | Noticed Nergalle
  6186 | D:10     | Found Lotrevug's Jewellery Shop.
  6203 | D:10     | Reached * piety under Wu Jian
  6325 | D:10     | Killed Nergalle
  6516 | D:10     | Reached skill level 10 in Unarmed Combat
  6729 | D:10     | Found Rideb's Book Shop.
  6739 | D:10     | Noticed a two-headed ogre
  6751 | D:10     | Noticed an oklob plant
  6751 | D:10     | Noticed a gargoyle
  6772 | D:10     | Killed a gargoyle
  6773 | D:10     | Reached XP level 11. HP: 111/113 MP: 8/10
  6808 | D:10     | Reached ** piety under Wu Jian
  6972 | D:10     | Noticed Grum
  6978 | D:10     | Killed Grum
  7116 | D:10     | Found a staircase to the Lair.
  7203 | D:10     | Killed a two-headed ogre
  7955 | D:11     | Noticed Josephine
  7976 | D:11     | Killed Josephine
  7984 | D:11     | Reached skill level 11 in Unarmed Combat
  8196 | D:11     | Noticed Snorg
  8224 | D:11     | Killed Snorg
  8224 | D:11     | Reached *** piety under Wu Jian
  8257 | D:11     | Noticed Erica
  8263 | D:11     | Killed Erica
  8480 | D:12     | Noticed Nessos
  8774 | D:12     | Noticed a deep elf pyromancer
  8800 | D:12     | Killed a deep elf pyromancer
  8835 | D:12     | Noticed a two-headed ogre
  8841 | D:12     | Noticed a boulder beetle
  8841 | D:12     | Noticed a two-headed ogre
  8846 | D:12     | Killed a two-headed ogre
  8847 | D:12     | Reached skill level 10 in Fighting
  8852 | D:12     | Killed a boulder beetle
  8853 | D:12     | Reached XP level 12. HP: 91/126 MP: 11/11
  8857 | D:12     | Killed a two-headed ogre
  8907 | D:12     | Identified the scarf "Heim" {rC+ rF+, +Inv Str+2 Int-2
                  | Dex+6}
  8984 | D:12     | Noticed Lodul
  9004 | D:12     | Killed Lodul
  9023 | D:12     | Reached skill level 12 in Unarmed Combat
  9165 | D:12     | Noticed a two-headed ogre
  9183 | D:12     | Killed a two-headed ogre
  9200 | D:12     | Found a staircase to the Orcish Mines.
  9445 | Lair:1   | Entered Level 1 of the Lair of Beasts
  9605 | Lair:1   | Reached **** piety under Wu Jian
  9644 | Lair:1   | Noticed a boulder beetle
  9681 | Lair:1   | Killed a boulder beetle
 10487 | Lair:2   | Reached skill level 13 in Unarmed Combat
 10717 | Lair:2   | Reached XP level 13. HP: 131/137 MP: 12/12
 10934 | Lair:2   | Noticed Harold
 11019 | Lair:2   | Killed Harold
 11337 | Lair:3   | Found a hole to the Spider Nest.
 11395 | Lair:3   | Reached ***** piety under Wu Jian
 11540 | Lair:3   | Found a frozen archway.
 11549 | IceCv    | Entered an ice cave
 12666 | Lair:3   | Found a staircase to the Shoals.
 13149 | Lair:3   | Reached skill level 14 in Unarmed Combat
 13576 | Lair:4   | Found a staircase to the Slime Pits.
 14241 | Lair:5   | Entered Level 5 of the Lair of Beasts
 14318 | Lair:5   | Reached XP level 14. HP: 106/150 MP: 13/13
 14641 | Lair:5   | Found the ring of the Octopus King
 14657 | Lair:5   | Identified a ring of the Octopus King {rN+ HP+2 AC+2 EV+2
                  | SH+2}
 15400 | Orc:1    | Entered Level 1 of the Orcish Mines
 15457 | Orc:1    | Reached skill level 10 in Shields
 15615 | Orc:1    | Reached ****** piety under Wu Jian
 15761 | Orc:2    | Entered Level 2 of the Orcish Mines
 15841 | Orc:2    | Reached skill level 15 in Unarmed Combat
 15849 | Orc:2    | Found a staircase to the Elven Halls.
 16355 | Orc:2    | Found Derepp's Weapon Shoppe.
 16355 | Orc:2    | Found Rizyug's Distillery.
 16369 | Orc:2    | Found Hoar's Assorted Antiques.
 16369 | Orc:2    | Found Cosoups's General Store.
 16380 | Orc:2    | Bought a potion of heal wounds for 130 gold pieces
 16380 | Orc:2    | Bought a scroll labelled RAPNEEFAMI for 26 gold pieces
 16480 | D:12     | Killed Nessos
 16660 | D:8      | Bought a fizzy silvery potion for 21 gold pieces
 16660 | D:8      | Bought a scroll of blinking for 180 gold pieces
 17535 | D:13     | Noticed Erolcha
 17549 | D:13     | Reached XP level 15. HP: 159/161 MP: 14/14
 17559 | D:13     | Killed Erolcha
 17580 | D:13     | Identified the ring of Ephemeral Luck {*Corrode rPois rF+
                  | MP+9 SInv}
 17757 | D:13     | Found a gate to the Vaults.
 18069 | D:14     | Reached skill level 16 in Unarmed Combat
 18993 | D:14     | Noticed Louise
 19073 | D:14     | Killed Louise
 19277 | D:15     | Entered Level 15 of the Dungeon
 19347 | D:15     | Noticed Kirke
 19367 | D:15     | Killed Kirke
 19432 | D:15     | Found a staircase to the Depths.
 19651 | D:15     | Found a glowing golden altar of the Shining One.
 19810 | D:15     | Found a blossoming altar of Fedhas.
 20111 | Spider:1 | Entered Level 1 of the Spider Nest
 20133 | Spider:1 | Blown up by an orb spider

Illustrated notes

Levels and vault maps discovered:
D:1:      lightli_arrival_lavapool, layout_rooms, nicolae_the_louvre
D:2:      layout_rooms
D:3:      layout_basic, led_sif_book, chequers_ecumenical_altar_simple
D:4:      layout_loops_cross, nicolae_vehumet_radiance
D:5:      layout_loops_ring
D:6:      layout_cave_pods, yredelemnul_altar_generic,
          nicolae_gozag_zags_fifth_avenue, nicolae_overflow_crystal_walls,
          minmay_ruffians
D:7:      layout_loops_ring, minmay_temple_entry_ruins, serial_shops, shop,
          lightli_orcish_oven, uniq_menkaure
D:8:      layout_loops_ring, mainiacjoe_overflow_tiny_flanked, serial_shops,
          nicolae_shop_crystal
D:9:      layout_gridville, serial_shops, nicolae_shop_tiny_statue_garden
D:10:     layout_cave_pools, dpeg_oklobed_lair, serial_shops, shop,
          serial_gnoll_camp, gnoll_camp_huts_basic, grums_kennel,
          gnoll_camp_mini_house, gnoll_camp_mini_shop, gnoll_camp_mini_basic,
          gnoll_camp_mini_hut, uniq_nergalle
D:11:     layout_grid_maze, uniq_snorg, uniq_erica, uniq_josephine
D:12:     layout_basic, orc_0_dummy, uniq_nessos, uniq_lodul
D:13:     lemuel_ogre_cave, layout_small_grid, hellmonk_vaults_keyhole
D:14:     layout_stronghold, uniq_louise
D:15:     hangedman_depths_entry_civil_slaughter, layout_cave_pools,
          fedhas_altar_4, tso_oasis_becter, uniq_kirke
Temple:   nicolae_temple_bog_church
Lair:1:   layout_regular_city, small_statue_intersection, st_stairs_7
Lair:2:   layout_regular_city, uniq_harold
Lair:3:   layout_layer_cave, shoals_dummy_entry,
          nicolae_spider_entry_lesser_pyramids, portal_ice_cave_rime
Lair:4:   layout_layer_cave, slime_entry_1, lemuel_fruit_fields,
          lemuel_fruit_tree
Lair:5:   gammafunk_lair_ancient_temple, layout_regular_city, minivault_25
Spider:1: layout_cave_pods, special_room [special_room_bee]
Orc:1:    layout_caves
Orc:2:    grunt_orc_tribal_feast, layout_caves

Skill      XL: |  1  2  3  4  5  6  7  8  9 10 11 12 13 14 15 |
---------------+----------------------------------------------+-----
Fighting       | 3 4 5 6 7 8 10 11 12 13 14 | 14.4
Shields        | 3 4 5 6 7 8 9 10 11 | 11.1
Unarmed Combat | 3 4 5 7 8 10 11 13 14 15 16 | 16.7
Dodging        | 3 4 5 6 7 8 9 |  9.9

Action                     |  1- 3 |  4- 6 |  7- 9 | 10-12 | 13-15 || total
---------------------------+-------+-------+-------+-------+-------++-------
  Melee: Unarmed           |    70 |   105 |   279 |   752 |  1166 ||  2372
Ability: Lunge             |       |       |       |    48 |    71 ||   119
         Whirlwind         |       |       |       |   108 |   115 ||   223
         Wall Jump         |       |       |       |       |     1 ||     1
  Evoke: Wand              |       |       |       |     1 |       ||     1
    Use: Potion            |       |       |     1 |     4 |     3 ||     8
         Scroll            |       |       |       |    21 |     8 ||    29
   Stab: Sleeping          |       |     1 |       |     2 |       ||     3
         Distracted        |       |     1 |     1 |     1 |       ||     3
 Armour: Robe              |    32 |    41 |   184 |    54 |   181 ||   492
         Steam dragon scal |       |       |       |   405 |   235 ||   640
  Dodge: Dodged            |    19 |    33 |   106 |   270 |   528 ||   956
  Block: Kite shield       |    19 |    38 |   132 |   368 |   613 ||  1170

Table legend: (Time is in decaauts)
 A = Elapsed time spent in this place.
 B = Non-inter-level travel time spent in this place.
 C = Inter-level travel time spent in this place.
 D = Time resting spent in this place.
 E = Time spent auto-exploring this place.
 F = Levels seen in this place.
 G = Mean time per level.
                   A        B        C        D        E       F      G
               +--------+--------+--------+--------+--------+-----+--------+
         Total |  19986 |  17901 |   2085 |    890 |  12157 |  25 |  799.4 |
       Dungeon |  13046 |  11421 |   1625 |    675 |   7715 |  15 |  869.7 |
        Temple |     25 |      0 |     25 |      0 |      0 |   1 |   25.0 |
          Lair |   4949 |   4595 |    354 |     98 |   3404 |   5 |  989.8 |
   Spider Nest |     20 |     20 |      0 |      0 |      0 |   1 |   20.0 |
  Orcish Mines |   1013 |    934 |     79 |     68 |    538 |   2 |  506.5 |
      Ice Cave |    931 |    931 |      0 |     48 |    500 |   1 |  931.0 |
               +--------+--------+--------+--------+--------+-----+--------+

Top non-repeatable levels by time:
    D:11: 1649 daAuts
    D:14: 1340 daAuts
    D:10: 1173 daAuts
    D:12: 1088 daAuts
  Lair:3: 1043 daAuts
  Lair:1: 1041 daAuts
  Lair:4: 1010 daAuts
     D:9: 962 daAuts
    D:13: 948 daAuts
  Lair:5: 932 daAuts
   IceCv: 931 daAuts
  Lair:2: 921 daAuts
     D:3: 892 daAuts
     D:7: 772 daAuts
     D:8: 763 daAuts
